 Dungeon Crawl Stone Soup version 0.29-a0-360-g8ed1089bbe (webtiles) character file.

Game seed: 6966188277273804160

1685 timneilson the Covered (level 9, -1/54 HPs)
             Began as a Gargoyle Fighter on Apr 29, 2022.
             Engulfed by a steam dragon's steam (11 damage)
             ... on level 6 of the Dungeon.
             The game lasted 00:15:30 (6558 turns).

timneilson the Covered (Gargoyle Fighter)           Turns: 6558, Time: 00:15:31

Health: -1/54      AC: 17    Str: 24    XL:     9   Next: 2%
Magic:  9/9        EV: 10    Int:  9    God:
Gold:   399        SH: 10    Dex:  9    Spells: 8/8 levels left

rFire   . . .      SeeInvis .   a - +1 long sword
rCold   . . .      Faith    .   c - +0 buckler
rNeg    + . .      Spirit   .   b - +0 scale mail
rPois   ∞          Reflect  +   (no helmet)
rElec   +          Harm     .   (no cloak)
rCorr   .          Rampage  .   g - +1 pair of gloves
Will    .....                   j - +0 pair of boots
Stlth   ..........              i - amulet of reflection
HPRegen 0.18/turn               (no ring)
MPRegen 0.11/turn               (no ring)

@: no status effects
A: sickness immunity, AC +6, negative energy resistance 1, electricity
resistance, torment resistance 1, petrification resistance
a: no special abilities


You were on level 6 of the Dungeon.
You visited 2 branches of the dungeon, and saw 7 of its levels.

You collected 399 gold pieces.

Inventory:

Hand Weapons
 a - a +1 long sword (weapon)
Armour
 b - a +0 scale mail (worn)
 c - a +0 buckler (worn)
 g - a +1 pair of gloves (worn)
 j - a +0 pair of boots (worn)
Jewellery
 i - an amulet of reflection (around neck)
 u - a ring of magical power
Wands
 e - a wand of flame (41)
 s - a wand of iceblast (2)
Scrolls
 h - 4 scrolls of teleportation
 m - 2 scrolls of identify
 o - a scroll of summoning
 r - 2 scrolls of amnesia
 w - a scroll of holy word {unknown}
 x - a scroll of blinking {unknown}
 y - 2 scrolls of noise {unknown}
Potions
 d - 2 potions of cancellation
 f - 2 potions of mutation
 k - a potion of attraction
 l - 3 potions of curing
 n - a potion of ambrosia
 p - a potion of haste
 q - a potion of brilliance
 t - a potion of flight {unknown}
 v - a potion of degeneration {unknown}


   Skills:
 + Level 5.4 Fighting
 * Level 5.2 Long Blades
 * Level 6.9 Armour
 + Level 2.9 Dodging
 * Level 6.9 Shields
 + Level 1.0 Evocations


You had 8 spell levels left.
You didn't know any spells.
Your spell library contained the following spells:

 Spells                   Type           Power      Damage    Failure   Level
 Animate Skeleton         Necr           0%         N/A       75%         1
 Apportation              Tloc           0%         N/A       75%         1
 Summon Small Mammal      Summ           0%         N/A       75%         1
 Wereblood                Tmut           0%         N/A       86%         2
 Ozocubu's Armour         Ice            0%         N/A       98%         3
 Ozocubu's Refrigeration  Ice            0%         4d5       100%        7
 Summon Hydra             Summ           0%         N/A       100%        7
 Chain Lightning          Conj/Air       0%         N/A       100%        9
 Fire Storm               Conj/Fire      0%         5d1       100%        9
 Shatter                  Erth           0%         3d5*      100%        9
 Sublimation of Blood     Necr           Unusable   N/A       N/A         2

Dungeon Overview and Level Annotations

Branches:
Dungeon (6/15)             Temple (1/1) D:6

Altars:
Ashenzari
Dithmenos
Elyvilon
Fedhas
Gozag
Hepliaklqana
Kikubaaqudgha
Makhleb
Nemelex Xobeh
Qazlal
Ru
Trog
Uskayaw
Wu Jian
Xom
Yredelemnul
Zin
The Shining One

Shops:
D:1 [


Innate Abilities, Weirdness & Mutations

You are immune to sickness and miasma.
Your stone body is resilient. (AC +6)
You are immune to poison.
You resist negative energy. (rN+)
You are resistant to electric shocks. (rElec)
You are resistant to unholy torment.
You are immune to petrification.


Message History

You hit the steam dragon.
The steam dragon is moderately wounded.
You block the steam dragon's attack.
The steam dragon claws you but does no damage.
You hit the steam dragon but do no damage.
The steam dragon is moderately wounded.
You block the steam dragon's attack. The steam dragon claws you.
You closely miss the steam dragon.
The steam dragon is moderately wounded.
You block the steam dragon's attack. x2
You closely miss the steam dragon.
The steam dragon is moderately wounded.
You block the steam dragon's attack. x2
The steam dragon breathes steam at you. The ball of steam hits you!
You hit the steam dragon.
The steam dragon is heavily wounded.
You are engulfed in a cloud of scalding steam.
* * * LOW HITPOINT WARNING * * *
You block the steam dragon's attack. x2
You hit the steam dragon but do no damage.
The steam dragon is heavily wounded.
You are engulfed in a cloud of scalding steam.
You block the steam dragon's attack. The steam dragon barely misses you.
You barely miss the steam dragon.
The steam dragon is heavily wounded.
The steam dragon closely misses you.
The steam dragon claws you but does no damage.
You hit the steam dragon.
The steam dragon is severely wounded.
The steam dragon closely misses you. The steam dragon barely misses you.
You hit the steam dragon.
The steam dragon is almost dead.
The steam dragon breathes steam at you. The ball of steam misses you.
You block the steam dragon's attack.
The steam dragon claws you but does no damage.
You hit the steam dragon.
The steam dragon is almost dead.
You are engulfed in a cloud of scalding steam.
You die...

......##
#..#..#######
#..........#
♣♣#####$.........#
♣♣.....#.n..D.....#
♣......#..........#
.......#....<.....#
#.D###########
##.@## ##.§#
########### ##.#
###....#....# #.#
.#####.#....# #.#
.# #.[....# #.#
.### ###....# #.#
...# ##....# #.#
##.# ##.....# #.##


You could see a steam dragon.

Vanquished Creatures
  Pikel (D:5)
  A wyvern (D:5)
  Duvessa (D:4)
  An ogre (D:5)
  A phantom (D:5)
  3 necrophages
  Dowan (D:4)
  2 orc priests
  5 hounds
  2 jellies
  4 orc wizards
  A scorpion zombie (D:2)
  2 iguanas
  4 adders
  5 dart slugs
  2 worms
  14 orcs
  8 ball pythons
  10 bats
  A bat skeleton (D:2)
  A bat zombie (D:2)
  10 endoplasms
  4 giant cockroaches
  6 goblins
  10 hobgoblins
  2 jackals (D:2)
  5 kobolds
  7 quokkas
  4 frilled lizards
  4 rats
122 creatures vanquished.

Vanquished Creatures (others)
  An orc wizard (D:5)
  A withered plant (D:2)
2 creatures vanquished.

Grand Total: 124 creatures vanquished

Notes
Turn   | Place    | Note
-------+----------+-------------------------------------------
     0 | D:1      | timneilson the Gargoyle Fighter began the quest for the
                  | Orb.
     0 | D:1      | Reached XP level 1. HP: 14/14 MP: 1/1
   228 | D:1      | Reached XP level 2. HP: 19/19 MP: 2/2
   352 | D:1      | You fall into a shaft and drop 1 floor!
   562 | D:2      | Reached XP level 3. HP: 17/23 MP: 3/3
   887 | D:2      | Reached XP level 4. HP: 28/28 MP: 4/4
  1142 | D:1      | Found a faded altar of an unknown god.
  1306 | D:1      | Found Omih's Armour Shoppe.
  2735 | D:3      | Reached skill level 1 in Dodging
  2787 | D:3      | Reached XP level 5. HP: 33/33 MP: 5/5
  3431 | D:4      | Found a blossoming altar of Fedhas.
  3433 | D:4      | Found a sacrificial altar of Ru.
  3446 | D:4      | Reached XP level 6. HP: 38/38 MP: 6/6
  3447 | D:4      | Found a shadowy altar of Dithmenos.
  3829 | D:4      | Noticed Duvessa
  3829 | D:4      | Noticed Dowan
  3838 | D:4      | Killed Duvessa
  3839 | D:4      | Reached skill level 5 in Armour
  3839 | D:4      | Reached skill level 5 in Shields
  3839 | D:4      | Reached XP level 7. HP: 41/43 MP: 7/7
  3862 | D:4      | Killed Dowan
  4103 | D:5      | Entered Level 5 of the Dungeon
  4448 | D:5      | HP: 1/44 [orc/+0 mace (3)]
  4999 | D:5      | Reached XP level 8. HP: 36/48 MP: 8/8
  5258 | D:5      | Noticed Pikel
  5287 | D:5      | Killed Pikel
  5288 | D:5      | Reached skill level 5 in Fighting
  6069 | D:6      | Found a staircase to the Ecumenical Temple.
  6077 | D:6      | Noticed a wyvern
  6104 | D:5      | Reached skill level 5 in Long Blades
  6112 | D:5      | Killed a wyvern
  6317 | Temple   | Entered the Ecumenical Temple
  6545 | D:6      | Reached skill level 1 in Evocations
  6545 | D:6      | Reached XP level 9. HP: 54/54 MP: 9/9
  6558 | D:6      | Engulfed by a steam dragon's steam

Illustrated notes

Levels and vault maps discovered:
D:1:      minmay_arrival_solitary_statue, layout_basic, serial_forest,
          infiniplex_forest_end_1, infiniplex_forest_pool,
          infiniplex_forest_end_3, infiniplex_forest_lined_corner,
          infiniplex_forest_fountain, infiniplex_forest_straight_5,
          infiniplex_forest_lined_room_3, infiniplex_forest_side_room,
          infiniplex_forest_end_2, chequers_ecumenical_altar_simple,
          serial_shops, nicolae_shop_hallway_plus
D:2:      layout_loops_cross, serial_undead, serial_undead_d, serial_undead_f,
          serial_undead_d, serial_undead_d, minmay_stone_trees_large
D:3:      layout_loops_ring
D:4:      layout_cave_pools, minitemple, uniq_duvessa
D:5:      layout_loops_ring, uniq_pikel
D:6:      layout_rooms, minmay_temple_entry_grid, lightli_corner_chamber,
          uniq_crazy_yiuf_cottage
Temple:   nicolae_temple_no_exploring_needed

Skill      XL: |  1  2  3  4  5  6  7  8 |
---------------+-------------------------+-----
Long Blades    | 2 3 4 5 |  5.2
Armour         | 4 5 6 |  6.9
Shields        | 4 5 6 |  6.9
Dodging        | 1 2 |  2.9
Fighting       | 4 5 |  5.4
Evocations     | 1 |  1.0

Action                   |  1- 3 |  4- 6 |  7- 9 || total
-------------------------+-------+-------+-------++-------
Melee: Long sword        |    89 |   291 |   302 ||   682
  Use: Scroll            |       |    12 |     3 ||    15
       Potion            |       |     3 |     2 ||     5
Armor: Scale mail        |    58 |   189 |   138 ||   385
       Skin              |       |       |    23 ||    23
Dodge: Dodged            |    41 |   161 |    87 ||   289
Block: Buckler           |    18 |   202 |   124 ||   344
       Reflection        |       |     4 |     2 ||     6

Table legend: (Time is in decaauts)
 A = Elapsed time spent in this place.
 B = Non-inter-level travel time spent in this place.
 C = Inter-level travel time spent in this place.
 D = Time resting spent in this place.
 E = Time spent auto-exploring this place.
 F = Levels seen in this place.
 G = Mean time per level.
                   A        B        C        D        E       F      G
               +--------+--------+--------+--------+--------+-----+--------+
         Total |   6758 |   6633 |    125 |    931 |   3960 |   7 |  965.4 |
       Dungeon |   6756 |   6631 |    125 |    931 |   3960 |   6 | 1126.0 |
        Temple |      1 |      1 |      0 |      0 |      0 |   1 |    1.0 |
               +--------+--------+--------+--------+--------+-----+--------+

Top non-repeatable levels by time:
     D:5: 1525 daAuts
     D:4: 1395 daAuts
     D:1: 1259 daAuts
     D:2: 1212 daAuts
     D:3: 907 daAuts
     D:6: 455 daAuts
  Temple: 1 daAuts
